AoeStats
← pickneo

Arena

508874839Analyzed
4v4 RM · 7d ago on Sep 24, 2026· 54m 20s· 8 players
Game mode
Random Map
Map size
Large (8 player)
Population
200
Speed
Normal
Resources
Standard
Victory
Conquest
Starting age
Dark Age
Ending age
Imperial Age
RankedLock teamsTeams togetherTeam positionsShared explorationLock speedFull tech treeHidden civsTurbo modeCheats
Victory
Defeat
🇹🇼 Khmer · Taiwan
975
+13
🇦🇷 Britons · Argentina
972
+14
🇨🇳 Bulgarians · China
956
+14
🇨🇱 Vietnamese · Chile
944
+15
🇨🇳 Lithuanians · China
958
-16
🇨🇳 Bohemians · China
920
-14
🇨🇳 Japanese · China
897
-13
🇨🇳 Turks · China
893
-13
GL.DuaT
12:33 Feudal Age
15:47 Castle Age
13:53 Horse Collar
15:04 Double-Bit Axe
18:26 Bow Saw
18:22 Heavy Plow
22:26 Wheelbarrow
24:08 Gold Mining
28:35 Imperial Age
26:09 Husbandry
26:19 Bloodlines
29:10 Imperial Age
26:57 Hand Cart
26:53 Light Cavalry
27:41 Scale Barding Armor
27:47 Forging
28:21 Gold Shaft Mining
27:37 Stone Mining
28:49 Chain Barding Armor
29:15 Hussar
31:59 Plate Barding Armor
31:59 Iron Casting
32:42 Chemistry
33:09 Crop Rotation
33:21 Stone Shaft Mining
34:05 Blast Furnace
32:45 Heavy Scorpion
34:31 Double Crossbow
36:56 Siege Engineers
54:32 Conscription
GL.Herq
12:31 Feudal Age
16:24 Castle Age
15:41 Double-Bit Axe
16:28 Horse Collar
18:12 Bow Saw
27:23 Wheelbarrow
26:57 Gold Mining
27:21 Fletching
27:03 Pikeman
29:07 Gold Shaft Mining
29:04 Squires
28:50 Arson
29:09 Bodkin Arrow
29:14 Padded Archer Armor
29:39 Yeomen
29:48 Loom
30:19 Hand Cart
32:28 Stone Mining
36:33 Imperial Age
35:28 Leather Archer Armor
35:24 Forging
35:15 Scale Mail Armor
36:56 Ballistics
38:16 Two-Man Saw
37:51 Conscription
37:03 Elite Longbowman
39:05 Warwolf
40:05 Ring Archer Armor
39:36 Bracer
39:51 Chain Mail Armor
40:12 Iron Casting
41:23 Halberdier
48:59 Chemistry
48:34 Plate Mail Armor
49:04 Blast Furnace
GERMANICO7222
8:24 Loom
12:10 Feudal Age
13:21 Double-Bit Axe
13:20 Horse Collar
18:02 Castle Age
16:21 Gold Mining
17:55 Wheelbarrow
20:33 Scale Mail Armor
20:42 Heavy Plow
22:54 Bloodlines
22:44 Husbandry
24:42 Scale Barding Armor
25:06 Light Cavalry
25:12 Light Cavalry
27:40 Chain Barding Armor
30:28 Elite Skirmisher
31:06 Fletching
31:16 Padded Archer Armor
32:34 Bodkin Arrow
32:55 Leather Archer Armor
33:59 Ballistics
37:05 Bow Saw
43:05 Hand Cart
42:35 Town Watch
45:30 Imperial Age
43:15 Stone Mining
44:43 Stone Shaft Mining
47:17 Chemistry
45:55 Imperial Skirmisher
49:20 Plate Barding Armor
48:55 Forging
50:53 Two-Man Saw
50:14 Chatras
51:28 Iron Casting
51:06 Bracer
51:36 Ring Archer Armor
51:21 Elite Battle Elephant
53:28 Town Patrol
53:38 Siege Engineers
53:29 Murder Holes
53:54 Bombard Tower
53:45 Masonry
53:15 Treadmill Crane
53:25 Heated Shot
53:46 Fortified Wall
53:26 Guard Tower
53:22 Arrowslits
53:41 Caravan
54:11 Coinage
53:51 Guilds
53:59 Chain Mail Armor
53:06 Crossbowman
53:52 Thumb Ring
53:12 Heavy Cavalry Archer
我全都要
10:50 Feudal Age
11:57 Double-Bit Axe
16:43 Wheelbarrow
18:57 Castle Age
17:19 Horse Collar
23:45 Gambesons
24:02 Squires
24:18 Gold Mining
24:24 Stone Mining
25:45 Arson
26:47 Forging
26:42 Scale Barding Armor
26:40 Scale Mail Armor
28:23 Bow Saw
29:31 Hand Cart
30:51 Iron Casting
30:31 Chain Mail Armor
33:18 Scale Barding Armor
33:43 Stirrups
37:00 Imperial Age
35:12 Elite Skirmisher
36:23 Bloodlines
36:14 Husbandry
36:39 Fletching
36:49 Padded Archer Armor
39:03 Conscription
38:46 Bagains
38:31 Imperial Skirmisher
39:42 Leather Archer Armor
39:22 Bodkin Arrow
41:25 Town Watch
43:16 Caravan
43:46 Coinage
44:08 Husbandry
43:32 Elite Konnik
46:01 Bagains
48:09 Pikeman
49:16 Chain Barding Armor
52:27 Plate Mail Armor
53:45 Gold Shaft Mining
pickneo
9:54 Feudal Age
17:20 Castle Age
23:09 Gold Mining
23:09 Stone Mining
23:10 Double-Bit Axe
23:09 Horse Collar
23:32 Loom
24:23 Wheelbarrow
27:40 Heavy Plow
27:57 Bow Saw
30:31 Imperial Age
30:48 Stone Mining
31:35 Gold Shaft Mining
32:31 Two-Man Saw
31:50 Artillery
33:00 Hand Cart
32:31 Town Watch
33:11 Fletching
33:22 Padded Archer Armor
33:37 Forging
34:22 Town Patrol
36:31 Masonry
36:01 Treadmill Crane
36:44 Ballistics
36:36 Fortified Wall
36:47 Bombard Tower
36:51 Elite Janissary
38:43 Caravan
38:54 Guilds
39:14 Coinage
38:46 Bodkin Arrow
39:06 Leather Archer Armor
46:44 Banking
52:15 Architecture
52:43 Redemption
meyerowitz
11:30 Feudal Age
16:39 Castle Age
15:53 Double-Bit Axe
15:49 Horse Collar
19:25 Bow Saw
20:26 Heavy Plow
23:56 Chemistry
22:58 Loom
25:03 Wheelbarrow
27:02 Town Watch
34:31 Imperial Age
32:17 Hand Cart
37:57 Conscription
40:36 Houfnice
42:45 Wagenburg Tactics
50:20 Two-Man Saw
OK旺仔
13:05 Feudal Age
17:00 Castle Age
15:21 Double-Bit Axe
15:18 Horse Collar
17:55 Bow Saw
18:47 Gambesons
18:22 Man-at-Arms
19:35 Forging
20:07 Loom
22:47 Long Swordsman
25:09 Wheelbarrow
26:38 Scale Mail Armor
29:09 Chain Mail Armor
29:30 Iron Casting
29:45 Heavy Plow
moresky
11:19 Feudal Age
14:51 Castle Age
13:33 Double-Bit Axe
13:34 Horse Collar
13:55 Stone Mining
14:50 Loom
20:43 Wheelbarrow
21:03 Heavy Plow
21:20 Bow Saw
21:13 Heavy Plow
29:50 Imperial Age
27:33 Scale Mail Armor
27:44 Forging
27:30 Pikeman
32:39 Squires
40:45 Arson
41:38 Town Watch
42:54 Gold Mining
43:44 Scale Barding Armor
44:15 Iron Casting
43:07 Halberdier
44:13 Bloodlines
44:50 Stone Shaft Mining
44:47 Husbandry
45:09 Cavalier
47:12 Chain Barding Armor
49:30 Plate Barding Armor
52:46 Chain Mail Armor
Connection lost

Rejoining the realm…

Still unreachable

The connection could not be restored.

Session expired

The server has moved on; the page needs a fresh start.